 Dungeon Crawl Stone Soup version 0.31.0-9-g3a7656b989 (webtiles) character file.

Game seed: 4944514674682073678

81 Colgate the Poker (level 4, -4/35 HPs)
             Began as a Demonspawn Cinder Acolyte on Feb 1, 2024.
             Was an Initiate of Ru.
             Slain by a fire elemental (11 damage)
             ... created by the fiery vengeance of Ignis
             ... on level 3 of the Dungeon.
             The game lasted 00:08:53 (1992 turns).

Colgate the Poker (Demonspawn Cinder Acolyte)       Turns: 1992, Time: 00:08:54

Health: -4/35      AC: 10    Str: 16    XL:     4   Next: 19%
Magic:  5/5        EV:  7    Int: 15    God:    Ru [......]
Gold:   74         SH:  0    Dex:  8    Spells: 3/5 levels left

rFire   . . .        b - +0 battleaxe
rCold   . . .        (shield currently unavailable)
rNeg    . . .        m - +0 chain mail
rPois   .            (no helmet)
rElec   .            c - +1 cloak
rCorr   .            (no gloves)
SInv    .            (no boots)
Will    .....        (no amulet) Stlth
                     (no ring)
HPRegen 0.25/turn    (no ring)
MPRegen 0.09/turn

%: no passive effects
@: fire susceptible
A: powered by death 1
a: Renounce Religion


You were on level 3 of the Dungeon.
You worshipped Ru.
Ru was noncommittal.
You visited 1 branch of the dungeon, and saw 3 of its levels.

You collected 74 gold pieces.

Inventory:

Hand Weapons
 a - a -1 spear of flaming
 b - a +0 battleaxe (weapon)
Armour
 c - a +1 cloak (worn)
 d - a +0 ring mail
 l - a +0 robe
 m - a +0 chain mail (worn)
Jewellery
 n - a +6 ring of intelligence
 p - a +5 ring of evasion
Potions
 f - a potion of curing {unknown}
 g - a potion of mutation {unknown}
 i - a potion of cancellation {unknown}
 j - a potion of might {unknown}
 k - a potion of degeneration {unknown}
 o - a potion of invisibility {unknown}
 q - a potion of brilliance {unknown}


   Skills:
 - Level 3.0 Fighting
 + Level 1.8(3.2) Axes
 - Level 4.1(4.3) Polearms
 - Level 1.0 Spellcasting
 - Level 2.6 Fire Magic


You had 3 spell levels left.
You knew the following spells:

 Your Spells              Type           Power      Damage    Failure   Level
a - Scorch                Fire           16%        2d5       87%         2

Your spell library contained the following spells:

 Spells                   Type           Power      Damage    Failure   Level
 Freeze                   Ice            0%         1d3       98%         1
 Frozen Ramparts          Ice            0%         1d1       100%        3
 Hailstorm                Conj/Ice       0%         3d5       100%        3


Dungeon Overview and Level Annotations

Branches:
Dungeon (3/15)

Altars:
Ru


Innate Abilities, Weirdness & Mutations

You regenerate a little health from kills.


Message History

The ball python barely misses you. The ball python constricts you.
You closely miss the ball python. The ball python bites you.
The ball python constricts you. The ball python bites you.
The ball python constricts you.
You barely miss the ball python.
The ball python bites you but does no damage.
The ball python constricts you.
You barely miss the ball python.
The ball python bites you but does no damage.
The ball python constricts you. The ball python barely misses you.
The ball python constricts you.
You slash the ball python!
You kill the ball python!
No target in view!
No target in view!
HP restored.
You see here a ball python corpse.
You see here a ball python corpse.
Ignis wails with rage, and rains down burning fury! 2 fire elementals come into view.
Okay, then.
As you read the scroll labelled YMUTSIDE OTILL, it crumbles to dust.
It is a scroll of enchant armour.
Your +0 cloak glows green for a moment.
Blink to where?
Press: ? - help, Dir - move target
As you read the scroll labelled NEMOICV KILE, it crumbles to dust.
It was a scroll of blinking.
You closely miss the fire elemental. The fire elemental closely misses you.
The fire elemental barely misses you.
You slash the fire elemental! The fire elemental barely misses you.
The fire elemental hits you. The fire elemental burns you!
You closely miss the fire elemental.
The fire elemental barely misses you. x2
You slash the fire elemental! The fire elemental hits you.
The fire elemental burns you! The fire elemental hits you.
The fire elemental burns you!
* * * LOW HITPOINT WARNING * * *
You barely miss the fire elemental. The fire elemental hits you.
The fire elemental burns you!
You die...

#○#######.#
#.#.. #.#
#.#.# #.#
#.#.# #.#
#.#.# #.#
#.#.###.#.#
#E#<....#.#
#E#.#####.#
#@#.......#
#.#########
#.. ####


You could see 2 fire elementals.

Vanquished Creatures
  3 adders (D:2)
  2 dart slugs (D:1)
  A ribbon worm (D:2)
  8 endoplasms
  A giant cockroach (D:2)
  3 hobgoblins (D:1)
  3 kobolds
  5 quokkas
  3 ball pythons
  5 bats
  2 frilled lizards (D:2)
  5 goblins (D:1)
  4 rats
45 creatures vanquished.

Notes
Turn   | Place    | Note
-------+----------+-------------------------------------------
     0 | D:1      | Colgate the Demonspawn Cinder Acolyte began the quest for
                  | the Orb.
     0 | D:1      | Reached XP level 1. HP: 18/18 MP: 2/2
    41 | D:1      | Reached skill level 3 in Polearms
   100 | D:1      | Gained mutation: You regenerate a little health from kills.
                  | [demonic ancestry]
   100 | D:1      | Reached XP level 2. HP: 24/24 MP: 3/3
   222 | D:1      | Learned a level 2 spell: Scorch
   461 | D:1      | Reached XP level 3. HP: 29/29 MP: 1/4
   628 | D:1      | Reached skill level 4 in Polearms
  1149 | D:2      | Reached skill level 1 in Axes
  1336 | D:2      | Reached XP level 4. HP: 18/35 MP: 5/5
  1882 | D:2      | Found a faded altar of an unknown god.
  1889 | D:2      | Prayed at the altar of an unknown god.
  1889 | D:2      | Fell from the grace of Ignis
  1889 | D:2      | Became a worshipper of Ru the Awakened
  1981 | D:3      | Noticed a fire elemental
  1981 | D:3      | Noticed a fire elemental
  1992 | D:3      | Slain by a fire elemental

Illustrated notes

Levels and vault maps discovered:
D:1:      dpeg_arrival_tiny_h, layout_rooms, minmay_pentomino_p2
D:2:      layout_basic, shapermc_ecumenical_altar_notcrosses
D:3:      layout_basic, nicolae_grassy_gnolls

Skill      XL: |  1  2  3 |
---------------+----------+-----
Polearms       | 3 4 |  4.1
Axes           | 1 |  1.8
Fighting       | |  3.0
Spellcasting   | |  1.0
Fire Magic     | |  2.6

Action                     |  1- 3 |  4- 6 || total
---------------------------+-------+-------++-------
  Melee: Spear             |    47 |       ||    47
         Battleaxe         |    39 |    24 ||    63
   Cast: Scorch            |    15 |       ||    15
 Invoke: Fiery Armour      |     3 |     1 ||     4
         Reject Sacrifices |       |     1 ||     1
    Use: Scroll            |       |     2 ||     2
   Stab: Sleeping          |     1 |       ||     1
 Armour: Robe              |     6 |       ||     6
         Ring mail         |     1 |       ||     1
         Skin              |    15 |       ||    15
         Chain mail        |    31 |    32 ||    63
  Dodge: Dodged            |    32 |    15 ||    47
